 Dungeon Crawl Stone Soup version 0.28-a0-643-g84cb2ea78e (webtiles) character file.

Game seed: 16735584191988115161

2333 funkygono the Magician (level 9, -9/103 HPs)
             Began as a Gargoyle Fire Elementalist on Oct 10, 2021.
             Was a Follower of Vehumet.
             Mangled by a boulder beetle (14 damage)
             ... on level 7 of the Dungeon.
             The game lasted 00:16:18 (9171 turns).

funkygono the Magician (Gargoyle Fire Elementalist) Turns: 9171, Time: 00:16:19

Health: -9/103     AC: 24    Str: 13    XL:     9   Next: 42%
Magic:  21/29      EV:  2    Int: 20    God:    Vehumet [*.....]
Gold:   307        SH:  0    Dex: 10    Spells: 8/23 levels left

rFire   . . .      SeeInvis .   c - +3 whip (venom)
rCold   . . .      Faith    .   (no shield)
rNeg    + . .      Spirit   .   (armour currently unavailable)
rPois   ∞          Reflect  .   (helmet currently unavailable)
rElec   .          Harm     .   (cloak currently unavailable)
rCorr   .          Rampage  .   (gloves currently unavailable)
Will    +....      NoTele   +   (boots currently unavailable)
Stlth   ..........              (no amulet)
HPRegen 0.27/turn               f - ring of magical power
MPRegen 0.21/turn               r - ring of willpower

@: mighty, berserking, tree-form, very quick
A: stationary, stasis, torment immunity, boosted hp, sickness immunity, AC +6,
negative energy resistance 1, (electricity resistance), torment resistance 1,
petrification resistance, clever 1, (cold resistance 1)
a: Renounce Religion


You were on level 7 of the Dungeon.
You worshipped Vehumet.
Vehumet was aware of your devotion.
You were a tree.
You visited 2 branches of the dungeon, and saw 8 of its levels.

You collected 307 gold pieces.

Inventory:

Hand Weapons
 c - a +3 whip of venom (weapon)
 e - a +4 flail of freezing
 n - a +3 quarterstaff of chaos
Missiles
 d - 110 stones
Armour
 a - a +0 robe (melded)
 l - a +0 leather armour
 m - a +0 kite shield
 o - a +0 cloak (melded)
Jewellery
 f - a ring of magical power (left branch)
 r - a ring of willpower (right branch)
Wands
 s - a wand of iceblast (20)
Scrolls
 t - a scroll of teleportation
 u - a scroll of fear
 v - a scroll of magic mapping
Potions
 b - 2 potions of haste
 g - 5 potions of curing
 i - 2 potions of brilliance
 j - 3 potions of cancellation
 p - a potion of mutation
 x - a potion of flight {unknown}


   Skills:
 + Level 0.4 Fighting
 + Level 2.0 Dodging
 - Level 2.1 Stealth
 * Level 7.9 Spellcasting
 * Level 4.9 Conjurations
 * Level 7.1 Fire Magic
 * Level 4.7 Earth Magic


You had 8 spell levels left.
You knew the following spells:

 Your Spells              Type           Power      Damage    Failure   Level
a - Foxfire               Conj/Fire      100%       2x1d9     1%          1
b - Scorch                Fire           72%        2d8       1%          2
c - Conjure Flame         Conj/Fire      32%        6-21      2%          3
d - Flame Wave            Conj/Fire      32%        3d7       7%          4
h - Sandblast             Erth           52%        2d12      1%          1
i - Magic Dart            Conj           100%       1d8       1%          1
j - Stone Arrow           Conj/Erth      54%        3d10      3%          3

Your spell library contained the following spells:

 Spells                   Type           Power      Damage    Failure   Level
 Passwall                 Tmut/Erth      14%        N/A       4%          2
 Inner Flame              Hex/Fire       22%        N/A       6%          3


Dungeon Overview and Level Annotations

Branches:
Dungeon (7/15)             Temple (1/1) D:5

Altars:
Ashenzari
Cheibriados
Dithmenos
Elyvilon
Fedhas
Gozag
Hepliaklqana
Kikubaaqudgha
Makhleb
Nemelex Xobeh
Okawaru
Qazlal
Ru
Sif Muna
Uskayaw
Vehumet
Wu Jian
Yredelemnul
Zin
The Shining One

Shops:
D:3 ?   D:5 [((?


Innate Abilities, Weirdness & Mutations

You are a tree.
Your roots penetrate the ground, keeping you stationary.
You cannot be teleported.
You are immune to unholy pain and torment.
Your maximum health is greatly increased.
Your equipment is partially melded.
You are immune to sickness and miasma.
((Your stone body is resilient. (AC +6)))
You are immune to poison.
You resist negative energy. (rN+)
((You are resistant to electric shocks. (rElec)))
You are resistant to unholy torment.
You are immune to petrification.
Your mind is acute. (Int +2)
((Your flesh is cold resistant. (rC+)))


Message History

The boulder beetle is lightly wounded.
Casting: Sandblast (safe; 1% risk of failure)
Confirm with . or Enter, or press ? or * to list all spells.
Aiming: Sandblast (safe; 1% risk of failure)
Press: ? - help, Shift-Dir - straight line, f/p - boulder beetle
Aim: a boulder beetle (lightly wounded, rolling, 100% to hit)
The blast of sand hits the boulder beetle but does no damage.
The boulder beetle is lightly wounded.
d - 110 stones The boulder beetle hits you!!!
Ouch! That really hurt!
* * * LOW HITPOINT WARNING * * *
The boulder beetle stops rolling and uncurls.
You see here a +0 robe.
It was a potion of mutation.
You feel extremely strange.
You feel clever.
You feel resistant to cold.
The boulder beetle completely misses you.
It was a potion of lignification.
You turn into a tree.
Your +0 cloak melds into your body.
Your +0 robe melds into your body.
Your roots penetrate the ground.
The boulder beetle bites you but does no damage.
It was a potion of might.
You feel very mighty all of a sudden.
The boulder beetle bites you but does no damage.
It was a potion of berserk rage.
A red film seems to cover your vision as you go berserk!
You feel yourself moving faster!
You feel mighty!
The boulder beetle bites you but does no damage.
You are too berserk!
You hit the boulder beetle.
The boulder beetle is lightly wounded.
You hit the boulder beetle but do no damage.
The boulder beetle is poisoned.
The boulder beetle is lightly wounded.
The boulder beetle bites you.
* * * LOW HITPOINT WARNING * * *
You hit the boulder beetle.
The boulder beetle is lightly wounded.
The boulder beetle bites you!
You die...

### ..# #.#
####:######.#
....†..B♣...######
................>#
############.#####
####### #.# #
...#.# #.#
.#.#####.#.# #)#
...........# #.#
#.......#.###.#
#.......#.....#


You could see a boulder beetle (very poisoned).

Vanquished Creatures
  A wraith (D:5)
  2 water moccasins
  A sky beast (D:4)
  2 black bears
  A necrophage (D:6)
  4 ogres
  Blork the orc (D:6)
  A kobold brigand (D:5)
  A scorpion (D:4)
  3 killer bees (D:6)
  2 wights (D:7)
  2 howler monkeys (D:6)
  2 centaur zombies
  A bullfrog zombie (D:5)
  A hound (D:6)
  A jelly (D:4)
  Crazy Yiuf (D:2)
  A bullfrog skeleton (D:6)
  2 gnoll shamans
  4 iguanas
  4 orc wizards (D:6)
  A killer bee zombie (D:6)
  A hound zombie (D:5)
  2 hound skeletons (D:5)
  5 gnolls (D:6)
  A howler monkey skeleton (D:6)
  10 adders
  3 ufetubi
  2 adder skeletons (D:4)
  A worm (D:3)
  2 dart slugs
  16 orcs
  8 bats
  3 endoplasms
  2 giant cockroaches
  9 goblins
  7 hobgoblins
  5 quokkas
  5 ball pythons
  A frilled lizard (D:1)
  5 kobolds
  8 rats
  5 bushes (D:3)
140 creatures vanquished.

Vanquished Creatures (collateral kills)
  5 foxfires (D:4)
5 creatures vanquished.

Vanquished Creatures (others)
  445 foxfires
  17 plants
462 creatures vanquished.

Grand Total: 607 creatures vanquished

Notes
Turn   | Place    | Note
-------+----------+-------------------------------------------
     0 | D:1      | funkygono the Gargoyle Fire Elementalist began the quest
                  | for the Orb.
     0 | D:1      | Reached XP level 1. HP: 10/10 MP: 3/3
   340 | D:1      | Reached XP level 2. HP: 15/15 MP: 3/5
   343 | D:1      | Learned a level 2 spell: Scorch
  1189 | D:2      | Reached XP level 3. HP: 19/19 MP: 2/6
  1191 | D:2      | Learned a level 1 spell: Sandblast
  1763 | D:2      | Found a faded altar of an unknown god.
  2238 | D:2      | Found a runed translucent door.
  2239 | D:2      | Noticed Crazy Yiuf
  2255 | D:2      | Killed Crazy Yiuf
  2256 | D:2      | Reached XP level 4. HP: 24/24 MP: 8/8
  2352 | D:2      | Learned a level 3 spell: Conjure Flame
  2972 | D:3      | Reached skill level 1 in Earth Magic
  3076 | D:3      | Found Wubudof's Magic Scroll Boutique.
  3760 | D:4      | Reached XP level 5. HP: 28/28 MP: 9/9
  4100 | D:4      | Noticed a sky beast
  4102 | D:4      | Noticed an ogre
  4446 | D:4      | Killed a sky beast
  4447 | D:4      | Reached XP level 6. HP: 28/32 MP: 10/12
  4768 | D:4      | Found an ornate altar of the Wu Jian Council.
  5006 | D:4      | Reached XP level 7. HP: 36/36 MP: 14/14
  5140 | D:4      | Found a blossoming altar of Fedhas.
  5297 | D:4      | Learned a level 4 spell: Flame Wave
  5315 | D:5      | Entered Level 5 of the Dungeon
  5396 | D:5      | Reached skill level 5 in Fire Magic
  5403 | D:5      | Reached skill level 5 in Spellcasting
  5640 | D:5      | Found Rofao's Magic Scroll Shoppe.
  5684 | D:5      | Found a staircase to the Ecumenical Temple.
  5857 | Temple   | Entered the Ecumenical Temple
  5871 | Temple   | Became a worshipper of Vehumet
  6426 | D:5      | Found Lita's Antique Weapon Emporium.
  6769 | D:5      | Found Sesho's Armour Shop.
  6782 | D:5      | Found Simaf's Antique Weapon Shoppe.
  7033 | D:5      | Learned a level 3 spell: Stone Arrow
  7144 | D:6      | Reached XP level 8. HP: 41/41 MP: 16/16
  7348 | D:6      | Noticed a wraith
  7367 | D:5      | Killed a wraith
  8080 | D:6      | Found a stormy altar of Qazlal.
  8090 | D:6      | Found a snail-covered altar of Cheibriados.
  8107 | D:6      | Noticed Blork the orc
  8118 | D:6      | Killed Blork the orc
  8125 | D:6      | Reached XP level 9. HP: 18/45 MP: 15/19
  8329 | D:6      | Reached * piety under Vehumet
  8329 | D:6      | Offered knowledge of Magic Dart by Vehumet.
  8789 | D:6      | Found a burning altar of Makhleb.
  8877 | D:6      | Found a glowing silver altar of Zin.
  9006 | D:6      | Learned a level 1 spell: Magic Dart
  9156 | D:7      | Noticed a boulder beetle
  9163 | D:7      | HP: 1/46 [boulder beetle (45)]
  9165 | D:7      | Gained mutation: Your mind is acute. (Int +2) [potion of
                  | mutation]
  9165 | D:7      | Gained mutation: Your flesh is cold resistant. (rC+)
                  | [potion of mutation]
  9170 | D:7      | HP: 5/103 [boulder beetle (1)]
  9171 | D:7      | Mangled by a boulder beetle

Illustrated notes

Levels and vault maps discovered:
D:1:      ebering_trefoil_3fold, layout_loops_ring
D:2:      layout_loops_corners, shapermc_ecumenical_altar_notcrosses,
          uniq_crazy_yiuf_cottage
D:3:      layout_basic, serial_shops, shop_fountains, serial_forest,
          infiniplex_forest_end_double, infiniplex_forest_straight_2,
          infiniplex_forest_clump_small, infiniplex_forest_clump_double,
          infiniplex_forest_end_2, infiniplex_forest_lined_1,
          amcnicky_mini_rare_corridor_liquid
D:4:      minmay_wonky_spiral, layout_basic, kennysheep_mini_moat,
          pdpol_wu_jian_five_deadly_venoms, solitary_fountain,
          serial_bayou_lagoon_a, minmay_quadrilaterals
D:5:      layout_basic, minmay_temple_entry_glass, serial_shops, shop, shop,
          nicolae_shop_temple_entry_statues_fountains, shop_statue
D:6:      minmay_opposing_rooms, layout_rooms,
          nicolae_overflow_quartered_altars, uniq_blork_the_orc
D:7:      layout_basic, lemuel_doored_altar, minmay_manual_monolith,
          uniq_menkaure
Temple:   eino_narrow_crystal_temple

Skill      XL: |  1  2  3  4  5  6  7  8  9 |
---------------+----------------------------+-----
Fire Magic     | 4 5 6 7 |  7.1
Spellcasting   | 3 4 5 7 |  7.9
Earth Magic    | 1 2 3 4 |  4.7
Conjurations   | 2 3 4 |  4.9
Dodging        | 2 |  2.0
Fighting       | |  0.4
Stealth        | |  2.1

Action                   |  1- 3 |  4- 6 |  7- 9 || total
-------------------------+-------+-------+-------++-------
Melee: Whip              |     1 |   146 |    55 ||   202
 Cast: Foxfire           |    50 |    86 |   141 ||   277
       Scorch            |     1 |     5 |    21 ||    27
       Sandblast         |     9 |    27 |    46 ||    82
       Stone Arrow       |       |       |     4 ||     4
  Use: Scroll            |     5 |     2 |    11 ||    18
       Potion            |       |       |     4 ||     4
Armor: Robe              |     4 |     9 |    34 ||    47
       Skin              |       |       |     3 ||     3
Dodge: Dodged            |     8 |     8 |    59 ||    75

Table legend: (Time is in decaauts)
 A = Elapsed time spent in this place.
 B = Non-inter-level travel time spent in this place.
 C = Inter-level travel time spent in this place.
 D = Time resting spent in this place.
 E = Time spent auto-exploring this place.
 F = Levels seen in this place.
 G = Mean time per level.
                   A        B        C        D        E       F      G
               +--------+--------+--------+--------+--------+-----+--------+
         Total |   9211 |   9017 |    194 |    605 |   7056 |   8 | 1151.4 |
       Dungeon |   8985 |   8805 |    180 |    605 |   6863 |   7 | 1283.6 |
        Temple |    225 |    212 |     13 |      0 |    193 |   1 |  225.0 |
               +--------+--------+--------+--------+--------+-----+--------+

Top non-repeatable levels by time:
     D:5: 2334 daAuts
     D:4: 1596 daAuts
     D:2: 1508 daAuts
     D:3: 1393 daAuts
     D:6: 1167 daAuts
     D:1: 851 daAuts
  Temple: 225 daAuts
     D:7: 134 daAuts
